 Dungeon Crawl Stone Soup version 0.22-a0-348-gd16d139 (webtiles) character file.

3978 Amnesiac the Geomancer (level 10, 0/44 HPs)
             Began as a Spriggan Earth Elementalist on Apr 7, 2018.
             Was a Follower of Ashenzari.
             Slain by a two-headed ogre
             ... wielding a +0 giant spiked club
              (17 damage)
             ... on level 9 of the Dungeon.
             The game lasted 00:20:22 (9341 turns).

Amnesiac the Geomancer (SpEE)                       Turns: 9341, Time: 00:20:22

Health: 0/44       AC:  2    Str:  4    XL:     10   Next: 2%
Magic:  0/34       EV: 18    Int: 19    God:    Ashenzari [*.....]
Gold:   406        SH:  0    Dex: 18    Spells: 13/30 levels left

rFire    . . .     SeeInvis +   B - -2 dagger (curse)
rCold    + . .     Gourm    .   (shield restricted)
rNeg     . . .     Faith    .   C - +0 robe {rC+}
rPois    .         Spirit   +   (helmet restricted)
rElec    .         Reflect  .   y - scarf {repulsion}
rCorr    .         Harm     .   (gloves unavailable)
MR       +....                  (boots unavailable)
Stlth    ++........             D - amulet of guardian spirit (curse)
HPRegen  0.14/turn              p - +4 ring of slaying (curse)
MPRegen  0.24/turn              x - ring of magical power (curse)

@: very slightly contaminated, repel missiles, very quick
A: very small, unfitting armour, see invisible, herbivore, speed 3, slow
metabolism 2
a: Curse Item, Scrying, Renounce Religion


You were on level 9 of the Dungeon.
You worshipped Ashenzari.
Ashenzari was aware of your devotion.
You were not hungry.

You visited 2 branches of the dungeon, and saw 12 of its levels.

You collected 736 gold pieces.
You spent 330 gold pieces at shops.

Inventory:

Hand Weapons
 r - a +1 hunting sling of velocity
 t - a +0 dagger
 z - a +0 blowgun
 B - a cursed -2 dagger (weapon)
Missiles
 k - 63 poisoned needles
 G - 32 stones (quivered)
Armour
 y - a scarf of repulsion (worn)
 C - a +0 robe of cold resistance (worn)
Jewellery
 p - a cursed +4 ring of slaying (left hand)
 x - a cursed ring of magical power (right hand)
 D - a cursed amulet of guardian spirit (around neck)
Wands
 l - a wand of polymorph (15)
 A - a wand of paralysis (16)
 H - a wand of digging (16)
Scrolls
 f - 3 scrolls of immolation {!r, unknown}
 g - 10 scrolls of teleportation {!r, unknown}
 i - a scroll of remove curse {!r}
 j - 14 scrolls of identify {!r, unknown}
 n - a scroll of amnesia {!r, unknown}
 q - 2 scrolls of magic mapping {!r, unknown}
 s - 4 scrolls of enchant armour {!r, unknown}
 u - 2 scrolls of fear {!r, unknown}
 v - a scroll of vulnerability {!r, unknown}
 E - a scroll of summoning {!r, unknown}
 F - a scroll of blinking {!r, unknown}
Potions
 a - a potion of resistance {!q, unknown}
 b - a potion of might {!q, unknown}
 c - a potion of magic {!q, unknown}
 e - 3 potions of brilliance {!q}
 h - 3 potions of heal wounds {!q, unknown}
 m - 3 potions of mutation {!q, unknown}
 o - 5 potions of curing {!q, unknown}
 w - a potion of berserk rage {!q, unknown}
Comestibles
 d - 12 rations


   Skills:
 - Level 3.0 Dodging
 - Level 3.0 Stealth
 + Level 10.5 Spellcasting
 - Level 1.3 Transmutations
 - Level 11.0 Earth Magic


You had 13 spell levels left.
You knew the following spells:

 Your Spells              Type           Power        Failure   Level  Hunger
a - Stone Arrow           Conj/Erth      ####..       2%          3    None
b - Passwall              Tmut/Erth      ####......   1%          2    None
c - Sandblast             Erth           ######       1%          1    None
d - Lee's Rapid Deconstr  Erth           ######....   1%          5    #####..
e - Petrify               Tmut/Erth      ####....     5%          4    ##.....
v - Blink                 Tloc           N/A          11%         2    None


Dungeon Overview and Level Annotations

Branches:
Dungeon (11/15)            Temple (1/1) D:7
   Lair: D:8-11         Orc: D:9-12

Altars:
Ashenzari
Cheibriados
Dithmenos
Elyvilon
Fedhas
Gozag
Hepliaklqana
Kikubaaqudgha
Makhleb
Nemelex Xobeh
Okawaru
Qazlal
Ru
Sif Muna
Trog
Uskayaw
Vehumet
Wu Jian
Xom
Yredelemnul
Zin
The Shining One

Shops:
D:8 :   D:11 =


Innate Abilities, Weirdness & Mutations

You are very small and have problems with some larger weapons.
You are too small for most types of armour.
You have supernaturally acute eyesight. (SInv)
You are a herbivore.
You cover ground extremely quickly.
You need to consume almost no food.


Message History

Press: ? - help, Shift-Dir - straight line, f/p - bullfrog
Aim: a bullfrog The stone arrow hits the bullfrog.
The bullfrog is almost dead.
The bullfrog hits you.
Casting: Stone Arrow (safe; 2% risk of failure)
Confirm with . or Enter, or press ? or * to list all spells.
Aiming: Stone Arrow (safe; 2% risk of failure)
Press: ? - help, Shift-Dir - straight line, f/p - bullfrog
Aim: a bullfrog (almost dead)
The stone arrow hits the bullfrog.
You kill the bullfrog!
Casting: Stone Arrow (safe; 2% risk of failure)
Confirm with . or Enter, or press ? or * to list all spells.
You can't see any susceptible monsters within range! (Use Z to cast anyway.)
You start resting.
HP restored.
A two-headed ogre comes into view.
It is wielding a giant spiked club and a giant club.
A two-headed ogre is nearby!
A two-headed ogre is nearby!
A two-headed ogre is nearby!
The two-headed ogre shouts in stereo!
Found a scroll labeled ZEG NYUSOJYNLO.
Casting: Stone Arrow (safe; 2% risk of failure)
Confirm with . or Enter, or press ? or * to list all spells.
Aiming: Stone Arrow (safe; 2% risk of failure)
Press: ? - help, Shift-Dir - straight line, f - two-headed ogre
Aim: a two-headed ogre, wielding a giant spiked club and a giant club The stone arrow hits the two-headed ogre.
The two-headed ogre is lightly wounded.
Casting: Stone Arrow (safe; 2% risk of failure)
Confirm with . or Enter, or press ? or * to list all spells.
Aiming: Stone Arrow (safe; 2% risk of failure)
Press: ? - help, Shift-Dir - straight line, f/p - two-headed ogre
Aim: a two-headed ogre, wielding a giant spiked club and a giant club (lightly wounded)
The stone arrow hits the two-headed ogre.
The two-headed ogre is moderately wounded.
Casting: Stone Arrow (safe; 2% risk of failure)
Confirm with . or Enter, or press ? or * to list all spells.
Aiming: Stone Arrow (safe; 2% risk of failure)
Press: ? - help, Shift-Dir - straight line, f/p - two-headed ogre
Aim: a two-headed ogre, wielding a giant spiked club and a giant club (moderately wounded)
You miscast Stone Arrow.
You are very lightly contaminated with residual magic.
You smell something strange.
Casting: Stone Arrow (safe; 2% risk of failure)
Confirm with . or Enter, or press ? or * to list all spells.
Aiming: Stone Arrow (safe; 2% risk of failure)
Press: ? - help, Shift-Dir - straight line, f/p - two-headed ogre
Aim: a two-headed ogre, wielding a giant spiked club and a giant club (moderately wounded)
The stone arrow hits the two-headed ogre.
The two-headed ogre is severely wounded.
Casting: Stone Arrow (safe; 2% risk of failure)
Confirm with . or Enter, or press ? or * to list all spells.
Aiming: Stone Arrow (safe; 2% risk of failure)
Press: ? - help, Shift-Dir - straight line, f/p - two-headed ogre
Aim: a two-headed ogre, wielding a giant spiked club and a giant club (severely wounded)
The stone arrow hits the two-headed ogre.
The two-headed ogre is severely wounded.
The two-headed ogre hits you with a giant spiked club!!
Ouch! That really hurt!
* * * LOW HITPOINT WARNING * * *
The two-headed ogre hits you with a giant club!!
You die...

......# #.........#
#......... ...)..#
#.........#####..######.
......#
#)...............# #.
####..#
#................# #.
#..####..####..######†.#
#. #........# #..# #..#
#. #........# #..# #..#
#. #..####..# #..#
#..######. #. #..# #@.#
#......... #..# #O.#
#(........ #..####..#
#..######. ####........#
#..# #. .............#
#..# #. .............#
#..# #. ..####........#
#..######. . #...<....#
#......... #......$.#
#.........


You could see a two-headed ogre.

Vanquished Creatures
  The ghost of TheNamelessOne the Digger, a novice DrEE of Vehumet (D:4)
  The ghost of Amnesiac the Digger, a novice SpEE (D:8)
  A hungry ghost (D:9)
  A water moccasin (D:6)
  An eye of draining (D:9)
  3 orc warriors
  A phantom (D:9)
  A centaur (D:5)
  6 ogres
  A big kobold (D:8)
  3 bullfrogs
  4 scorpions
  3 killer bees (D:8)
  5 wights (D:9)
  3 howler monkeys
  A crimson imp (D:8)
  3 bullfrog zombies
  A centaur zombie (D:9)
  5 hounds
  10 orc priests
  5 orc wizards
  2 iguanas
  7 worker ants
  Robin (D:3)
  4 gnolls (D:2)
  12 adders
  3 shadow imps
  2 oozes (D:2)
  An adder skeleton (D:5)
  6 worms
  3 dart slugs
  3 leopard geckos
  33 orcs
  A ball python (D:2)
  9 bats
  5 giant cockroaches
  15 goblins
  12 hobgoblins
  9 jackals
  18 kobolds
  5 quokkas
  3 frilled lizards
  A leopard gecko skeleton (D:7)
  2 quokka zombies
  6 rats
223 creatures vanquished.

Notes
Turn   | Place    | Note
-------+----------+-------------------------------------------
     0 | D:1      | Amnesiac the Spriggan Earth Elementalist began the quest for the Orb.
     0 | D:1      | Reached XP level 1. HP: 9/9 MP: 5/5
    55 | D:1      | Reached skill level 3 in Earth Magic
    74 | D:1      | Reached XP level 2. HP: 12/13 MP: 0/7
   620 | D:1      | Reached XP level 3. HP: 12/16 MP: 0/8
  1125 | D:3      | Learned a level 2 spell: Passwall
  1589 | D:4      | Noticed TheNamelessOne's ghost (novice DrEE)
  1785 | D:4      | Found an iron altar of Okawaru.
  1865 | D:4      | Reached skill level 4 in Earth Magic
  1865 | D:4      | Reached XP level 4. HP: 21/21 MP: 8/10
  2072 | D:5      | Entered Level 5 of the Dungeon
  2459 | D:5      | Reached XP level 5. HP: 10/24 MP: 4/12
  2569 | D:5      | Learned a level 2 spell: Blink
  2575 | D:5      | Learned a level 5 spell: Lee's Rapid Deconstruction
  2598 | D:5      | Noticed an ogre
  2606 | D:5      | Killed an ogre
  2606 | D:5      | Reached skill level 5 in Earth Magic
  2745 | D:5      | Noticed a centaur
  2752 | D:5      | Killed a centaur
  2752 | D:5      | Reached skill level 5 in Spellcasting
  2752 | D:5      | Reached XP level 6. HP: 22/28 MP: 11/14
  3011 | D:6      | Noticed an orc warrior
  3263 | D:6      | Reached skill level 6 in Earth Magic
  3276 | D:6      | Reached XP level 7. HP: 32/32 MP: 9/16
  3718 | D:6      | Learned a level 4 spell: Petrify
  3794 | D:6      | Reached skill level 7 in Earth Magic
  4189 | D:7      | Found a staircase to the Ecumenical Temple.
  4198 | Temple   | Entered the Ecumenical Temple
  4423 | Temple   | Became a worshipper of Ashenzari the Shackled
  4768 | D:2      | Reached XP level 8. HP: 33/36 MP: 15/19
  5177 | D:2      | Found a shadowy altar of Dithmenos.
  5177 | D:2      | Found a shimmering altar of Xom.
  5709 | D:3      | Noticed Robin
  5719 | D:3      | Killed Robin
  5938 | D:4      | Killed TheNamelessOne's ghost
  5938 | D:4      | Reached skill level 8 in Earth Magic
  6564 | D:7      | Reached skill level 9 in Earth Magic
  7112 | D:8      | Reached XP level 9. HP: 29/39 MP: 22/22
  7172 | D:8      | Reached * piety under Ashenzari
  7193 | D:8      | You fall through a shaft for 3 floors!
  7194 | D:11     | Found Xuaryk's Jewellery Boutique.
  7219 | D:11     | Bought an uncursed amulet of guardian spirit for 330 gold pieces
  7344 | D:10     | Entered Level 10 of the Dungeon
  7470 | D:9      | Learned a level 3 spell: Stone Arrow
  7482 | D:9      | Found a deep blue altar of Sif Muna.
  7881 | D:8      | Reached skill level 10 in Earth Magic
  8034 | D:8      | Noticed Amnesiac's ghost (novice SpEE)
  8106 | D:8      | Killed Amnesiac's ghost
  8787 | D:8      | Found Teuhiov's Book Emporium.
  8995 | D:9      | Reached skill level 10 in Spellcasting
  9011 | D:9      | Reached skill level 11 in Earth Magic
  9294 | D:9      | Reached XP level 10. HP: 44/44 MP: 24/25
  9327 | D:9      | Noticed a two-headed ogre
  9341 | D:9      | Slain by a two-headed ogre

Vault maps used:
D:1:      erik_arrival_cave_to_civilisation, nrook_loot_triangle
D:2:      gammafunk_temple_overflow_wave
D:3:      patterned_corridor, uniq_robin
D:4:      lemuel_crystal_altar, first_ration
D:5:      kennysheep_spiral_hall
D:6:      minmay_cornered_nines
D:7:      minmay_temple_entry_glass
D:8:      serial_shops, shop
D:9:      nicolae_overflow_hidden_temple
D:10:     david_orc_5, serial_shops, shop, minmay_item_behind_shaft
D:11:     minmay_lair_entry_lava, serial_shops, shop_coins, basic_altar,
          grunt_pizzeria
Temple:   dpeg_five_rooms_temple

Skill      XL: |  1  2  3  4  5  6  7  8  9 |
---------------+----------------------------+-----
Spellcasting   | 3 4 5 6 8 10 | 10.5
Earth Magic    | 3 4 5 6 7 9 11 | 11.0
Dodging        | |  3.0
Stealth        | |  3.0
Transmutations | |  1.3

Action                   |  1- 3 |  4- 6 |  7- 9 | 10-12 || total
-------------------------+-------+-------+-------+-------++-------
Melee: Unarmed           |    10 |     2 |       |       ||    12
       Dagger            |       |       |    68 |       ||    68
 Cast: Sandblast         |    55 |    38 |   176 |       ||   269
       Passwall          |     1 |     9 |     6 |       ||    16
       Petrify           |       |       |     6 |       ||     6
       Lee's Rapid Decon |       |       |    18 |       ||    18
       Stone Arrow       |       |       |    69 |     8 ||    77
       Blink             |       |       |     1 |       ||     1
Invok: Curse Item        |       |       |     3 |       ||     3
  Use: Potion            |       |       |     1 |       ||     1
 Stab: Petrified         |       |       |    19 |       ||    19
       Sleeping          |       |       |     7 |       ||     7
  Eat: Ration            |       |       |     5 |       ||     5
Armor: Robe              |     3 |     1 |    10 |       ||    14
Dodge: Dodged            |    45 |    40 |   103 |       ||   188
       Deflected         |       |       |     5 |       ||     5

Table legend:
 A = Spawn XP
 B = Non-spawn XP
 C = Spawn XP percentage of total XP
 D = Spawn monster count
 E = Non-spawn monster count
 F = Spawn count percentage of total count
 G = Total turns spent on level
                    A         B        C        D         E        F      G
               +---------+---------+-------+---------+---------+-------+---------
         Total |       0 |    5683 |   0.0 |       0 |     223 |   0.0 |  9341
               +---------+---------+-------+---------+---------+-------+---------
           D:1 |       0 |      42 |   0.0 |       0 |      26 |   0.0 |  1062
           D:2 |       0 |     188 |   0.0 |       0 |      29 |   0.0 |   691
           D:3 |       0 |     103 |   0.0 |       0 |      38 |   0.0 |   935
           D:4 |       0 |     522 |   0.0 |       0 |      13 |   0.0 |  1023
           D:5 |       0 |     364 |   0.0 |       0 |      10 |   0.0 |  1133
           D:6 |       0 |     872 |   0.0 |       0 |      18 |   0.0 |  1076
           D:7 |       0 |     631 |   0.0 |       0 |      21 |   0.0 |   929
           D:8 |       0 |    1545 |   0.0 |       0 |      38 |   0.0 |  1170
           D:9 |       0 |    1095 |   0.0 |       0 |      14 |   0.0 |   803
          D:10 |       0 |     321 |   0.0 |       0 |      16 |   0.0 |    89
               +---------+---------+-------+---------+---------+-------+---------
